 Dungeon Crawl Stone Soup version 0.30.1-4-g462c640d31 (webtiles) character file.

Game seed: 2572527636423582956

206495 Cheops the Sorcerer (level 18, -8/105 HPs)
             Began as a Deep Elf Conjurer on Aug 29, 2023.
             Was the Champion of Vehumet.
             Blown up by a spellforged servitor (48 damage)
             ... with a wavering orb of destruction
             ... summoned by the player character
             ... on level 3 of the Spider Nest on Aug 31, 2023.
             The game lasted 05:37:03 (44654 turns).

Cheops the Sorcerer (Deep Elf Conjurer)            Turns: 44654, Time: 05:37:04

Health: -8/105     AC: 25    Str:  9    XL:     18   Next: 7%
Magic:  0/45       EV: 13    Int: 34    God:    Vehumet [******]
Gold:   3157       SH:  8    Dex: 13    Spells: 2/59 levels left

rFire   + + .        a - staff of conjuration "Ifaepet" {rF++ Int+4, !a}
rCold   + + .        t - +3 buckler {AC+3}
rNeg    . . .        P - +0 ice dragon scales
rPois   +            y - +2 hat of the Bear Spirit {Spirit, Bear, *Rage Will++}
rElec   +            p - +2 cloak {Will+}
rCorr   +            e - +2 pair of gloves of Feasting {rElec rCorr Str+3}
SInv    +            w - +2 pair of boots {Stlth+}
Will    +++++        l - amulet of Antileom {Spirit Harm rPois Will+}
Stlth   +            Y - +5 ring of evasion
HPRegen 0.37/turn    m - ring "Mastit" {rPois rF+ SInv}
MPRegen 0.29/turn

%: random rage (20%), harm (+30% outgoing, +20% incoming), guardian spirit
@: lethally poisoned (-8 -> -9), studying Ice Magic
A: no striking features
}: 1/15 runes: decaying
a: Renounce Religion


You were on level 3 of the Spider Nest.
You worshipped Vehumet.
Vehumet was exalted by your worship.
You visited 5 branches of the dungeon, and saw 29 of its levels.
You also visited: Bailey, Gauntlet and Ice Cave.

You collected 3342 gold pieces.
You spent 185 gold pieces at shops.

Inventory:

Hand Weapons
 b - the +5 hand axe "Newt's Death Toll" {freeze, *Corrode +Blink rElec rC++}
   (You found it on level 3 of the Dungeon)

   rC:        It greatly protects you from cold.
   rElec:     It insulates you from electricity.
   +Blink:    It lets you blink.
   *Corrode:  It may corrode you when you take damage.
 c - the +6 hand axe "Lanlud" {pain, rPois rC- Str+4 Int+5}
   (You found it on level 4 of the Lair of Beasts)

   Str:       It affects your strength (+4).
   Int:       It affects your intelligence (+5).
   rC:        It makes you vulnerable to cold.
   rPois:     It protects you from poison.
Armour
 e - the +2 pair of gloves of Feasting (worn) {rElec rCorr Str+3}
   (You found it in a Gauntlet)

   Str:       It affects your strength (+3).
   rElec:     It insulates you from electricity.
   rCorr:     It protects you from acid and corrosion.
 p - a +2 cloak of willpower (worn)
 t - a +3 buckler of protection (worn)
 w - a +2 pair of boots of stealth (worn)
 y - the +2 hat of the Bear Spirit (worn) {Spirit, Bear, *Rage Will++}
   (You found it in an ice cave)

   Bear:      Going berserk makes the wearer exceptionally tough, and they are
   slowed for a shorter time afterward.
   *Rage:     It berserks you when you make melee attacks (+20% chance).
   Will:      It greatly increases your willpower.
 P - +0 ice dragon scales (worn)
 V - the +3 ring mail "Mirchiy" {rElec rC+ Int+3 SInv}
   (You found it on level 9 of the Dungeon)

   Int:       It affects your intelligence (+3).
   rC:        It protects you from cold.
   rElec:     It insulates you from electricity.
   SInv:      It lets you see invisible.
 X - a +0 tower shield of cold resistance
Magical Staves
 a - the staff of conjuration "Ifaepet" (weapon) {rF++ Int+4, !a}
   (You found it in a Gauntlet)

   [staff of conjuration]

   Base accuracy: +5 Base damage: 5 Base attack delay: 1.2 This weapon's minimum
   attack delay (0.6) is reached at skill level 12.
   Int:       It affects your intelligence (+4).
   rF:        It greatly protects you from fire.
   It falls into the 'Staves' category.
   It is a one-handed weapon.
 d - the staff of conjuration "Byichulo" {rPois Will+, !a}
   (You acquired it on level 7 of the Dungeon)

   [staff of conjuration]

   Base accuracy: +5 Base damage: 5 Base attack delay: 1.2 This weapon's minimum
   attack delay (0.6) is reached at skill level 12.
   rPois:     It protects you from poison.
   Will:      It increases your willpower.
   It falls into the 'Staves' category.
   It is a one-handed weapon.
Jewellery
 f - the ring of Gupas {Ice Int+3}
   (You found it on level 4 of the Lair of Beasts)

   [ring of ice]

   It enhances your ice magic.
   Int:       It affects your intelligence (+3).
   rF:        It makes you vulnerable to fire.
   rC:        It protects you from cold.
 g - the ring "Cogotz" {rPois rC++ Will+}
   (You found it on level 4 of the Swamp)

   [ring of poison resistance]

   rC:        It greatly protects you from cold.
   rPois:     It protects you from poison.
   Will:      It increases your willpower.
 l - the amulet of Antileom (around neck) {Spirit Harm rPois Will+}
   (You found it in a Gauntlet)

   [amulet of guardian spirit]

   It causes incoming damage to be divided between your reserves of health and
   magic.
   rPois:     It protects you from poison.
   Harm:      It increases damage dealt and taken.
   Will:      It increases your willpower.
 m - the ring "Mastit" (right hand) {rPois rF+ SInv}
   (You took it off a minotaur in a Gauntlet)

   [ring of poison resistance]

   rF:        It protects you from fire.
   rPois:     It protects you from poison.
   SInv:      It lets you see invisible.
 o - the ring of Ociasona {Fire rPois}
   (You found it on level 4 of the Swamp)

   [ring of fire]

   It enhances your fire magic.
   rF:        It protects you from fire.
   rC:        It makes you vulnerable to cold.
   rPois:     It protects you from poison.
 q - a +4 ring of protection
 S - the ring "Biaxkese" {rF- rC+++ rCorr MP+9 Slay+2}
   (You found it in a Gauntlet)

   [ring of resist corrosion]

   Slay:      It affects your accuracy & damage with ranged weapons and melee
   (+2).
   rF:        It makes you vulnerable to fire.
   rC:        It renders you almost immune to cold.
   MP:        It affects your magic capacity (+9).
   rCorr:     It protects you from acid and corrosion.
 Y - a +5 ring of evasion (left hand)
Wands
 r - a wand of polymorph (3)
 s - a wand of iceblast (31)
 x - a wand of light (17)
 z - a wand of flame (32)
 Q - a wand of charming (12)
 T - a wand of mindburst (36)
Scrolls
 h - 3 scrolls of fear
 j - 8 scrolls of teleportation
 k - 5 scrolls of poison
 n - 4 scrolls of summoning
 v - 2 scrolls of silence
 N - 8 scrolls of fog
 W - 2 scrolls of magic mapping
 Z - a scroll of blinking
Potions
 u - 2 potions of berserk rage
 A - 20 potions of curing
 B - 13 potions of heal wounds
 C - 4 potions of magic
 D - 3 potions of resistance
 E - 11 potions of haste
 F - 12 potions of brilliance
 G - 7 potions of might
 H - 5 potions of ambrosia
 I - 4 potions of cancellation
 J - 6 potions of invisibility
 K - 7 potions of flight
 L - 12 potions of lignification
 M - 4 potions of mutation
Miscellaneous
 i - a piece from Xom's chessboard (15/15)
 O - a condenser vane
 R - a lightning rod (4/4)
 U - a phial of floods


   Skills:
 - Level 9.0 Fighting
 - Level 2.0 Axes
 - Level 4.0 Armour
 - Level 7.0 Dodging
 - Level 2.4 Stealth
 - Level 4.0 Shields
 - Level 21.3 Spellcasting
 - Level 14.0 Conjurations
 - Level 18.2 Hexes
 + Level 8.1 Summonings
 - Level 7.0 Translocations
 - Level 12.0 Transmutations
 - Level 8.0 Fire Magic
 - Level 4.0 Ice Magic
 - Level 8.2 Poison Magic
 - Level 3.0 Evocations


You had 2 spell levels left.
You knew the following spells:

 Your Spells              Type           Power      Damage    Failure   Level
a - Magic Dart            Conj           100%       1d8       1%          1
b - Searing Ray           Conj           100%       2d8       1%          2
f - Fireball              Conj/Fire      52%        3d20      1%          5
i - Iskenderun's Mystic   Conj/Tloc      100%       2d19      1%          4
o - Orb of Destruction    Conj           57%        9d14      11%         7
p - Fulminant Prism       Conj/Hex       60%        3d26      1%          4
t - Olgreb's Toxic Radia  Pois           75%        N/A       1%          4
A - Alistair's Intoxicat  Tmut/Pois      54%        N/A       6%          5
B - Iskenderun's Battles  Conj           100%       2d15      1%          5
D - Dazzling Flash        Conj/Hex       100%       N/A       1%          3
H - Ensorcelled Hibernat  Hex/Ice        100%       N/A       1%          2
I - Inner Flame           Hex/Fire       90%        N/A       1%          3
S - Spellforged Servitor  Conj/Summ      53%        N/A       30%         7
Y - Yara's Violent Unrav  Hex/Tmut       47%        3d18      1%          5

Your spell library contained the following spells:

 Spells                   Type           Power      Damage    Failure   Level
 Ignition                 Fire           37%        3d11      99%         8
 Blink                    Tloc           100%       N/A       1%          2
 Wereblood                Tmut           87%        N/A       1%          2
 Sublimation of Blood     Necr           36%        N/A       21%         2
 Portal Projectile        Hex/Tloc       100%       N/A       1%          3
 Spider Form              Tmut/Pois      81%        N/A       1%          3
 Tukima's Dance           Hex            100%       N/A       1%          3
 Volatile Blastmotes      Fire/Tloc      100%       2d18      1%          3
 Cause Fear               Hex            51%        N/A       1%          4
 Blade Hands              Tmut           43%        N/A       2%          5
 Anguish                  Hex/Necr       39%        N/A       3%          4
 Metabolic Englaciation   Hex/Ice        42%        N/A       3%          5
 Starburst                Conj/Fire      52%        6d14      6%          6
 Enfeeble                 Hex            51%        N/A       6%          7
 Manifold Assault         Tloc           71%        N/A       8%          4
 Passage of Golubria      Tloc           71%        N/A       8%          4
 Silence                  Hex/Air        39%        N/A       9%          5
 Eringya's Noxious Bog    Tmut/Pois      40%        N/A       9%          6
 Petrify                  Tmut/Erth      67%        N/A       12%         4
 Iron Shot                Conj/Erth      45%        9d9       28%         6
 Dispersal                Tloc           35%        N/A       75%         6
 Animate Dead             Necr           36%        N/A       80%         4
 Statue Form              Tmut/Erth      44%        N/A       87%         6
 Borgnjor's Vile Clutch   Necr/Erth      18%        N/A       98%         5
 Summon Hydra             Summ           37%        N/A       99%         7
 Haunt                    Necr/Summ      29%        N/A       100%        7
 Storm Form               Tmut/Air       33%        N/A       100%        7
 Disjunction              Tloc           35%        N/A       100%        8
 Infestation              Necr           18%        N/A       100%        8
 Lehudib's Crystal Spear  Conj/Erth      45%        10d11     100%        8


Dungeon Overview and Level Annotations

Branches:
Dungeon (15/15)            Temple (0/1) D:7            Lair (5/5) D:9
  Swamp (4/4) Lair:2       Spider (3/4) Lair:3        Slime (0/5) Lair:4
    Orc (2/2) D:12            Elf (0/3) Orc:2        Vaults (0/5) D:14
 Depths (0/4) D:15         Bailey (visited)           IceCv (visited)
Gauntlet (visited)

Altars:
Cheibriados
Dithmenos
Elyvilon
Hepliaklqana
Kikubaaqudgha
Makhleb
Okawaru
Qazlal
Trog
Uskayaw
Vehumet
Zin
The Shining One
Jiyva

Shops:
D:5 (   D:6 *   D:13 ?   Orc:2 *=*(

Portals:
Trove: D:11 (give 2 scrolls of acquirement)


Message History

Arachne is almost dead.
Arachne points her staff at you, shooting a stream of webbing.
The stream of webbing hits you but does no damage.
You are even more entangled.
The wolf spider hits you!
* * * LOW HITPOINT WARNING * * *
The wolf spider bites you but does no damage.
Arachne mumbles some strange words.
Arachne blinks!
Casting: Fireball (mildly dangerous; 1% risk of failure)
Confirm with . or Enter, or press ? or * to list all spells.
Aiming: Yara's Violent Unravelling (mildly dangerous; 1% risk of failure)
Press: ? - help, Dir - move target, f - you
Okay, then.
Unknown command.
Unknown command.
Casting: Yara's Violent Unravelling (mildly dangerous; 1% risk of failure)
Confirm with . or Enter, or press ? or * to list all spells.
Aiming: Fireball (mildly dangerous; 1% risk of failure)
Press: ? - help, Shift-Dir - straight line, f - Arachne
Aim: Arachne, wielding a staff of poison (almost dead, misshapen and mutated, ally target)
You feel a surge of power!
The fireball explodes!
The fireball engulfs Arachne!!!
You kill Arachne!
Vehumet accepts your kill.
You feel your power returning.
You feel sick.
You hear a faint skittering sound. x2
The wolf spider hits you but does no damage.
The wolf spider bites you but does no damage.
A culicivora comes into view.
The wolf spider hits you!
* * * LOW HITPOINT WARNING * * *
The wolf spider bites you but does no damage.
Your spellforged servitor conjures an orb of pure magic.
Your Summonings skill increases to level 8!
Casting: Fireball (mildly dangerous; 1% risk of failure)
Confirm with . or Enter, or press ? or * to list all spells.
Okay, then.
The web tears apart.
You feel sick.
The wavering orb of destruction hits you!!!
You die...

#.# # ## #^# # .##.# ..
.#.. . ...## ..######. .
.....# #........ #
......##.# # ........s##
#.. ### .......○@.# ..
#.# ......9...#### .. #.#
..........##.### #.# ##..
#.....|..#.....###.###...
#.....#.#.......##.......
#^..##...................
#### #..............<....
#s..................
#...............##...


You could see a wolf spider (ally target), a culicivora and a friendly
spellforged servitor (summoned).

Vanquished Creatures
  Bai Suzhen (Swamp:4)
  Arachne (Spider:3)
  Mlioglotl (Swamp:3)
  Kirke (D:15)
  Agnes (D:15)
  The ghost of reggie the Thaumaturge, a journeyman DrHW of Sif Muna (Swamp:4)
  A fenstrider witch (Swamp:4)
  The ghost of safid the Gelid, a journeyman MfIE of Vehumet (Swamp:1)
  2 orc warlords
  3 ghost moths (Spider:2)
  An ironbound preserver (D:14)
  The ghost of Jingleheimer the Transmogrifier, a journeyman OpTm of Gozag (Swamp:1)
  Azrael (D:15)
  3 eleionomae
  8 bunyips
  A minotaur (Gauntlet)
  The ghost of hawla the Thaumaturge, a journeyman MeFE of Vehumet (Swamp:1)
  A dire elephant (Lair:5)
  The ghost of spardeous the Severer, a journeyman MiBe of Trog (D:13)
  2 blizzard demons (IceCv)
  An ettin (D:15)
  A shambling mangrove (Swamp:4)
  A fire dragon (D:9)
  The ghost of jsudlow the Grappler, a journeyman TrBe of Trog (D:9)
  Fannar (Lair:2)
  An ice dragon (D:14)
  3 entropy weavers
  21 hydras
  2 ghost crabs (Swamp:3)
  Erica (Lair:2)
  A spriggan air mage (Swamp:3)
  5 centaur warriors
  An ogre mage (Orc:2)
  2 catoblepae (Lair:5)
  A radroach (Spider:2)
  7 two-headed ogres
  6 tengu warriors
  7 alligators
  3 boulder beetles
  A deep troll shaman (Lair:5)
  5 death yaks (Lair:5)
  A spriggan berserker (Swamp:3)
  A hell knight (D:14)
  8 skeletal warriors
  A skyshark (Lair:5)
  5 goliath frogs
  5 pharaoh ants
  9 orb spiders
  5 spriggan druids
  6 bog bodies
  An obsidian statue (IceCv)
  12 swamp dragons (Swamp:4)
  Pikel (D:7)
  2 necromancers (D:15)
  3 spriggan simulacra (IceCv)
  7 wolf spiders
  3 lindwurms (Swamp:4)
  An orc sorcerer (Orc:2)
  3 deep elf pyromancers
  9 ugly things
  4 steelbarb worms
  4 cyclopes
  4 orc knights
  A manticore (shapeshifter) (D:13)
  5 will-o-the-wisps
  5 moths of wrath
  25 elephants
  2 manticores
  6 black mambas
  A guardian serpent (shapeshifter) (D:15)
  13 cane toads
  2 unseen horrors (D:11)
  6 torpor snails
  A demonic crawler (Spider:3)
  2 gargoyles
  2 rime drakes
  7 kobold demonologists
  6 freezing wraiths
  13 ice devils (IceCv)
  4 komodo dragons
  2 anaconda simulacra (IceCv)
  3 golden dragon simulacra (IceCv)
  4 trolls
  3 meliai (Spider:3)
  3 bloated husks
  2 polar bears
  17 tarantellas
  4 hornets
  12 tyrant leeches
  Prince Ribbit (D:7)
  20 blink frogs
  13 slime creatures
  6 centaur simulacra
  31 jumping spiders
  14 culicivoras
  56 yaks
  2 vampires
  7 spriggans
  3 wyverns
  3 wraiths
  An unseen horror simulacrum (D:9)
  2 hogs (D:15)
  2 humans (D:15)
  A basilisk (Lair:4)
  A steam dragon (D:6)
  2 fire elementals (D:15)
  9 minotaur simulacra (IceCv)
  29 redbacks
  13 vampire mosquitoes
  2 harpy simulacra (IceCv)
  A warg (D:15)
  22 swamp worms
  A hydra simulacrum (IceCv)
  3 hell hounds (D:15)
  2 acid dragons
  11 water moccasins
  6 swamp drakes
  4 ice beasts
  An alligator simulacrum (IceCv)
  46 orc warriors
  4 black bears
  2 ettin simulacra (IceCv)
  3 boggarts (D:15)
  24 wolves
  6 ogres
  22 centaurs
  2 phantoms
  20 kobold brigands
  15 bullfrogs
  4 gnoll sergeants
  3 scorpions
  5 deep troll simulacra (IceCv)
  A hornet simulacrum (Gauntlet)
  A lindwurm simulacrum (IceCv)
  2 electric eels
  9 howler monkeys
  4 hounds
  3 jellies
  Crazy Yiuf (D:4)
  2 gnoll boudas
  14 orc priests
  4 iguanas
  20 orc wizards
  11 adders
  25 gnolls
  3 white imps (D:9)
  A howler monkey simulacrum (D:9)
  A worm (D:5)
  3 dart slugs
  81 orcs
  5 endoplasms
  3 giant cockroaches
  20 goblins
  16 hobgoblins
  27 kobolds
  5 quokkas
  7 ball pythons
  3 bats (D:1)
  4 frilled lizards
  5 rats
1057 creatures vanquished.

Vanquished Creatures (others)
  A bloated husk (Swamp:2)
  A swamp worm (Swamp:2)
  A quokka (D:10)
  22 foxfires (Swamp:4)
  139 fulminant prisms
164 creatures vanquished.

Grand Total: 1221 creatures vanquished

Notes
Turn   | Place    | Note
-------+----------+-------------------------------------------
     0 | D:1      | Cheops the Deep Elf Conjurer began the quest for the Orb.
     0 | D:1      | Reached XP level 1. HP: 10/10 MP: 6/6
   168 | D:1      | Reached XP level 2. HP: 15/15 MP: 4/8
   225 | D:1      | Reached skill level 5 in Conjurations
  1083 | D:2      | Found a glowing golden altar of the Shining One.
  1096 | D:2      | Reached skill level 4 in Spellcasting
  1205 | D:2      | Reached XP level 3. HP: 19/19 MP: 8/10
  1339 | D:2      | Learned a level 2 spell: Searing Ray
  1343 | D:2      | Learned a level 3 spell: Dazzling Flash
  1672 | D:3      | Found a faded altar of an unknown god.
  1784 | D:3      | Reached skill level 5 in Spellcasting
  1787 | D:3      | Identified the +5 hand axe "Newt's Death Toll" {freeze,
                  | *Corrode +Blink rElec rC++}
  1994 | D:3      | Reached skill level 1 in Hexes
  1994 | D:3      | Reached XP level 4. HP: 24/24 MP: 10/13
  2133 | D:3      | Found a hide-covered altar of Uskayaw.
  2542 | D:3      | Learned a level 4 spell: Fulminant Prism
  2595 | D:4      | Found a runed translucent door.
  2596 | D:4      | Noticed Crazy Yiuf
  2773 | D:4      | Found an iron altar of Okawaru.
  2941 | D:4      | Found a snail-covered altar of Cheibriados.
  2961 | D:4      | Reached XP level 5. HP: 28/28 MP: 9/14
  3226 | D:4      | Found a radiant altar of Vehumet.
  3270 | D:4      | Reached skill level 5 in Hexes
  3418 | D:4      | Noticed an ogre
  3422 | D:4      | Killed an ogre
  3423 | D:4      | Reached XP level 6. HP: 32/32 MP: 9/15
  3970 | D:4      | Learned a level 4 spell: Iskenderun's Mystic Blast
  3976 | D:4      | Killed Crazy Yiuf
  4098 | D:4      | Became a worshipper of Vehumet
  4147 | D:5      | Entered Level 5 of the Dungeon
  4471 | D:5      | Reached skill level 1 in Translocations
  4493 | D:5      | Found Plog's Weapon Shoppe.
  4534 | D:5      | Reached XP level 7. HP: 36/36 MP: 11/16
  5344 | D:5      | Found a burning altar of Makhleb.
  5352 | D:5      | Found a bloodstained altar of Trog.
  5822 | D:6      | Found Roozuok's General Store.
  5833 | D:6      | Noticed a steam dragon
  5920 | D:6      | Reached skill level 5 in Translocations
  6140 | D:6      | Reached * piety under Vehumet
  6140 | D:6      | Offered knowledge of Kiss of Death by Vehumet.
  6167 | D:6      | Reached XP level 8. HP: 41/41 MP: 10/17
  6517 | D:6      | Bought a potion of curing for 45 gold pieces
  6517 | D:6      | Bought a scroll of identify for 30 gold pieces
  7115 | D:7      | Found a staircase to the Ecumenical Temple.
  7126 | D:7      | Noticed Pikel
  7149 | D:7      | Killed Pikel
  7169 | D:7      | Found a flagged portal.
  7175 | Bailey   | Entered a bailey
  7298 | Bailey   | Reached XP level 9. HP: 45/45 MP: 10/18
  7545 | Bailey   | Reached skill level 1 in Axes
  7561 | Bailey   | Noticed an orc knight
  7586 | Bailey   | Killed an orc knight
  7592 | Bailey   | Reached skill level 1 in Evocations
  7766 | Bailey   | Learned a level 5 spell: Yara's Violent Unravelling
  7770 | Bailey   | Noticed an orc warlord
  7790 | Bailey   | Killed an orc warlord
  7791 | Bailey   | Reached skill level 6 in Spellcasting
  7791 | Bailey   | Reached skill level 5 in Transmutations
  7941 | Bailey   | Reached XP level 10. HP: 38/50 MP: 3/21
  7997 | Bailey   | Offered knowledge of Shock by Vehumet.
  8003 | Bailey   | Reached ** piety under Vehumet
  8496 | Bailey   | Identified the +3 helmet "Juwk" {rN+++ Will- Str-4 SInv}
  8676 | D:7      | Reached skill level 5 in Dodging
  8763 | D:7      | Offered knowledge of Scorch by Vehumet.
  9113 | D:7      | Found an ancient bone altar of Kikubaaqudgha.
  9124 | D:7      | Noticed Prince Ribbit
  9129 | D:7      | Killed Prince Ribbit
  9130 | D:7      | Reached skill level 7 in Spellcasting
  9396 | D:7      | Found a stormy altar of Qazlal.
  9448 | D:7      | Reached *** piety under Vehumet
  9814 | D:7      | Acquired the staff of conjuration "Byichulo" {rPois Will+}
 10118 | D:6      | Found Roozuok's General Store.
 11016 | D:8      | Found a shadowy altar of Dithmenos.
 11116 | D:8      | Reached skill level 8 in Spellcasting
 11116 | D:8      | Reached skill level 10 in Hexes
 11393 | D:8      | Learned a level 4 spell: Cause Fear
 11657 | D:9      | Noticed a fire dragon
 11706 | D:9      | Noticed jsudlow's ghost (journeyman TrBe)
 11824 | D:9      | Found a runed translucent gate.
 11824 | D:9      | Found a runed translucent gate.
 11824 | D:9      | Found a runed translucent gate.
 11969 | D:9      | Found a hazy altar of Hepliaklqana.
 11992 | D:9      | Offered knowledge of Olgreb's Toxic Radiance by Vehumet.
 12145 | D:9      | Reached skill level 9 in Spellcasting
 12472 | D:9      | Found a staircase to the Lair.
 12577 | D:9      | Killed a fire dragon
 12578 | D:9      | Reached skill level 10 in Spellcasting
 12578 | D:9      | Reached XP level 11. HP: 45/54 MP: 4/27
 12736 | D:9      | Identified the +3 ring mail "Mirchiy" {rElec rC+ Int+3
                  | SInv}
 12843 | D:9      | Learned a level 4 spell: Olgreb's Toxic Radiance
 12847 | D:9      | Learned a level 3 spell: Inner Flame
 12919 | D:10     | Entered Level 10 of the Dungeon
 12997 | D:10     | Noticed a two-headed ogre
 13001 | D:10     | Killed a two-headed ogre
 13084 | D:10     | Identified the +10 plate armour "Uheomoimp" {-Cast Str+5
                  | Dex+3}
 13110 | D:10     | Reached skill level 1 in Poison Magic
 13646 | D:10     | Reached **** piety under Vehumet
 13878 | D:10     | Found a white marble altar of Elyvilon.
 14134 | D:10     | Reached skill level 5 in Poison Magic
 14397 | D:11     | Offered knowledge of Irradiate by Vehumet.
 14410 | D:11     | Noticed a two-headed ogre
 14415 | D:11     | Killed a two-headed ogre
 14640 | D:11     | Noticed a brown ugly thing
 14647 | D:11     | Killed a brown ugly thing
 14648 | D:11     | Reached skill level 11 in Spellcasting
 15114 | D:11     | Found a portal to a secret trove of treasure.
 15290 | D:11     | Reached skill level 12 in Spellcasting
 15876 | D:12     | Reached skill level 13 in Spellcasting
 16018 | D:12     | Noticed a green ugly thing
 16030 | D:12     | Killed a green ugly thing
 16031 | D:12     | Reached XP level 12. HP: 59/59 MP: 24/31
 16098 | D:12     | Reached skill level 14 in Spellcasting
 16181 | D:12     | Learned a level 5 spell: Alistair's Intoxication
 16450 | D:12     | Reached ***** piety under Vehumet
 16450 | D:12     | Offered knowledge of Conjure Ball Lightning by Vehumet.
 16708 | D:12     | Found a staircase to the Orcish Mines.
 17627 | D:13     | Found a runed translucent gate.
 17627 | D:13     | Found a runed translucent gate.
 17627 | D:13     | Found a runed translucent gate.
 17629 | D:13     | Noticed spardeous's ghost (journeyman MiBe)
 17831 | D:13     | Noticed a centaur warrior
 17842 | D:13     | Killed a centaur warrior
 17853 | D:13     | Noticed a four-headed hydra
 17860 | D:13     | Killed a four-headed hydra
 18030 | D:13     | Found Faxtawk's Magic Scroll Shoppe.
 18033 | D:13     | Bought a scroll of identify for 22 gold pieces
 18033 | D:13     | Bought a scroll of identify for 22 gold pieces
 18033 | D:13     | Bought a scroll of identify for 22 gold pieces
 18033 | D:13     | Bought a scroll of fog for 44 gold pieces
 18434 | Lair:1   | Entered Level 1 of the Lair of Beasts
 18479 | Lair:1   | Reached skill level 10 in Transmutations
 19692 | Lair:1   | Reached XP level 13. HP: 63/63 MP: 17/33
 20548 | Lair:1   | Identified the +2 sling "Heacen" {flame, rC++ Str-5 Int+2}
 20626 | Lair:1   | Learned a level 5 spell: Iskenderun's Battlesphere
 21374 | Lair:2   | Offered knowledge of Arcjolt by Vehumet.
 21492 | Lair:2   | Found a staircase to the Swamp.
 21579 | Lair:2   | Noticed Fannar
 21586 | Lair:2   | Noticed Erica
 21588 | Lair:2   | Killed Fannar
 21589 | Lair:2   | Killed Erica
 22163 | Lair:3   | Found a hole to the Spider Nest.
 22605 | Lair:3   | Reached skill level 10 in Conjurations
 23366 | Lair:4   | Identified the ring of Gupas {Ice Int+3}
 23941 | Lair:4   | Identified the +6 hand axe "Lanlud" {pain, rPois rC- Str+4
                  | Int+5}
 24206 | Lair:4   | Found a viscous altar of Jiyva.
 24207 | Lair:4   | Found a staircase to the Slime Pits.
 24579 | Lair:5   | Entered Level 5 of the Lair of Beasts
 24595 | Lair:4   | Reached skill level 15 in Spellcasting
 24597 | Lair:4   | Reached XP level 14. HP: 36/68 MP: 30/35
 24756 | Lair:5   | Found a gate leading to a gauntlet.
 24769 | Gauntlet | Entered a Gauntlet
 24769 | Gauntlet | Found a transporter.
 24769 | Gauntlet | Found a transporter.
 24857 | Gauntlet | Found a transporter.
 24869 | Gauntlet | Found the brooch of Shielding {Spirit SH+8}
 24871 | Gauntlet | Found a transporter.
 24881 | Gauntlet | Found a transporter.
 24891 | Gauntlet | Found a transporter.
 24891 | Gauntlet | Found a transporter.
 24894 | Gauntlet | Found a transporter.
 24921 | Gauntlet | Found a transporter.
 24928 | Gauntlet | Found a transporter.
 24937 | Gauntlet | Found a transporter.
 24948 | Gauntlet | Found a transporter.
 24982 | Gauntlet | Found a transporter.
 24996 | Gauntlet | Found a transporter.
 25094 | Gauntlet | Found a transporter.
 25110 | Gauntlet | Found a transporter.
 25231 | Gauntlet | Reached skill level 16 in Spellcasting
 25409 | Gauntlet | Identified the +2 pair of gloves of Feasting {rElec rCorr
                  | Str+3}
 25516 | Gauntlet | Identified the ring "Mastit" {rPois rF+ SInv}
 25542 | Gauntlet | Identified the ring "Biaxkese" {rF- rC+++ rCorr MP+9
                  | Slay+2}
 25542 | Gauntlet | Identified the staff of conjuration "Ifaepet" {rF++ Int+4}
 25542 | Gauntlet | Identified the amulet of Antileom {Spirit Harm rPois Will+}
 26086 | Lair:5   | Reached skill level 17 in Spellcasting
 26582 | Lair:5   | Reached skill level 18 in Spellcasting
 27068 | Lair:5   | Offered knowledge of Fireball by Vehumet.
 27093 | Lair:5   | Learned a level 5 spell: Fireball
 27118 | Lair:5   | Reached skill level 1 in Fire Magic
 27207 | Lair:5   | Reached skill level 19 in Spellcasting
 27319 | Lair:5   | Identified the +0 leather armour of Ru's Whim {Will+}
 28124 | D:13     | Killed spardeous's ghost
 28394 | D:14     | Reached skill level 5 in Fire Magic
 28481 | D:14     | Found a frozen archway.
 28488 | IceCv    | Entered an ice cave
 28810 | IceCv    | Reached XP level 15. HP: 72/72 MP: 32/40
 28906 | IceCv    | Found the +2 hat of the Bear Spirit {Spirit, Bear, *Rage
                  | Will++}
 29166 | IceCv    | Reached skill level 1 in Fighting
 30217 | D:14     | Offered knowledge of Lee's Rapid Deconstruction by Vehumet.
 30231 | D:14     | Reached skill level 5 in Fighting
 30545 | D:14     | Found a gate to the Vaults.
 31049 | D:14     | Learned a level 2 spell: Ensorcelled Hibernation
 31252 | D:15     | Entered Level 15 of the Dungeon
 31289 | D:15     | Reached skill level 1 in Shields
 31576 | D:15     | Noticed Kirke
 31583 | D:15     | Killed Kirke
 31697 | D:15     | Noticed Azrael
 31709 | D:15     | Killed Azrael
 32301 | D:15     | Found a staircase to the Depths.
 32721 | D:15     | Noticed Agnes
 32724 | D:15     | Killed Agnes
 32725 | D:15     | Reached skill level 1 in Ice Magic
 32912 | D:15     | Found a glowing silver altar of Zin.
 33213 | Orc:1    | Entered Level 1 of the Orcish Mines
 33604 | Orc:2    | Entered Level 2 of the Orcish Mines
 33614 | Orc:2    | Offered knowledge of Plasma Beam by Vehumet.
 33960 | Orc:2    | Reached XP level 16. HP: 92/92 MP: 23/41
 33963 | Orc:2    | Reached skill level 15 in Hexes
 34222 | Orc:2    | Found a staircase to the Elven Halls.
 35018 | Orc:2    | Found Ritymy's General Store.
 35018 | Orc:2    | Found Domudoal's Jewellery Emporium.
 35020 | Orc:2    | Found Torucw's Assorted Antiques.
 35022 | Orc:2    | Found Kusonnaz's Antique Weapon Boutique.
 35362 | Swamp:1  | Entered Level 1 of the Swamp
 35784 | Swamp:1  | Reached skill level 20 in Spellcasting
 36047 | Swamp:1  | Found a runed translucent gate.
 36047 | Swamp:1  | Found a runed translucent gate.
 36047 | Swamp:1  | Found a runed translucent gate.
 36052 | Swamp:1  | Noticed Jingleheimer's ghost (journeyman OpTm)
 36052 | Swamp:1  | Noticed hawla's ghost (journeyman MeFE)
 36052 | Swamp:1  | Noticed safid's ghost (journeyman MfIE)
 36301 | Swamp:2  | You fall into a shaft and drop 1 floor!
 37698 | Swamp:3  | Noticed Mlioglotl
 37706 | Swamp:3  | Killed Mlioglotl
 38086 | Swamp:4  | Entered Level 4 of the Swamp
 38274 | Swamp:4  | Noticed reggie's ghost (journeyman DrHW)
 38274 | Swamp:4  | Found a transporter.
 38522 | Swamp:4  | Found a transporter.
 38643 | Swamp:4  | Offered knowledge of Orb of Destruction by Vehumet.
 39081 | Swamp:3  | Learned a level 7 spell: Orb of Destruction
 39201 | Swamp:4  | Reached XP level 17. HP: 96/96 MP: 28/43
 39625 | Swamp:4  | Noticed Bai Suzhen
 39824 | Swamp:4  | Killed Bai Suzhen
 40040 | Swamp:4  | Got a decaying rune of Zot
 40346 | Swamp:4  | Killed reggie's ghost
 40437 | Swamp:4  | Identified the +4 hand axe of Severance {vamp, rElec rC+
                  | rCorr}
 40438 | Swamp:4  | Identified the ring of Ociasona {Fire rPois}
 40450 | Swamp:4  | Identified the ring "Cogotz" {rPois rC++ Will+}
 40724 | D:9      | Killed jsudlow's ghost
 40990 | Swamp:1  | Killed Jingleheimer's ghost
 40992 | Swamp:1  | Killed hawla's ghost
 40993 | Swamp:1  | Killed safid's ghost
 41457 | Spider:1 | Entered Level 1 of the Spider Nest
 41935 | Spider:1 | Offered knowledge of Ignition by Vehumet.
 42705 | Spider:2 | Reached skill level 21 in Spellcasting
 43097 | Lair:1   | Learned a level 7 spell: Spellforged Servitor
 43177 | Spider:2 | Reached skill level 1 in Summonings
 43408 | Spider:2 | You fall into a shaft and drop 1 floor!
 43676 | Spider:2 | Reached skill level 5 in Summonings
 43860 | Spider:3 | Reached ****** piety under Vehumet
 44221 | Spider:3 | Reached XP level 18. HP: 105/105 MP: 45/45
 44644 | Spider:3 | Noticed Arachne
 44653 | Spider:3 | Killed Arachne
 44654 | Spider:3 | Blown up by a spellforged servitor

Illustrated notes

Levels and vault maps discovered:
D:1:      lemuel_arrival_behind_the_door_large, layout_loops_ring,
          minmay_crystal_room, chequers_serial_rivers_marsh
D:2:      layout_rooms, basic_altar
D:3:      layout_basic, nicolae_uskayaw_dance_hall, basic_ecumenical_altar
D:4:      layout_loops_ring, marbit_many_paths, old_standard_altar,
          okawaru_trees_1, lexackson_kobold_supper, uniq_crazy_yiuf_cottage
D:5:      layout_basic, mainiacjoe_overflow_big_doors, serial_shops,
          nicolae_shop_rolling_square
D:6:      layout_loops_ring, serial_shops, nicolae_shop_statue_plus,
          grunt_ministairs_13
D:7:      layout_basic, nicolae_qazlal_general_emergency,
          kiku_gazebo_pond_becter, minmay_temple_entry_stoned_glass,
          enter_bailey_3, chequers_garden, uniq_pikel, uniq_prince_ribbit1
D:8:      layout_loops_ring, grunt_dithmenos_smoke, serial_bayou_pond_c,
          dreamdust_gnoll_shepherd
D:9:      dragon1_lemuel, layout_loops_cross,
          mainiacjoe_overflow_concentric_impassable, lair_entry_dummy,
          gammafunk_ghost_icy
D:10:     layout_irregular_city, elyvilon_altar_4
D:11:     layout_loops_cross, nicolae_trove_entry_diagonal
D:12:     layout_layer_cave, orc_0_dummy
D:13:     layout_roguey, gammafunk_ghost_nasty_kobolds, serial_shops,
          kennysheep_mini_moat, minmay_holes, corexii_leaking_fountain
D:14:     layout_irregular_city, skrybe_vaults_entry_preservation,
          portal_ice_cave_entry_dragon, grunt_decor_resistance
D:15:     hangedman_depths_entry_civil_slaughter, layout_loops_ring, zin_angel,
          uniq_agnes, uniq_azrael, uniq_kirke
Lair:1:   layout_cave_pods, cheibrodos_lair_caveside_slide, minivault_26,
          grunt_megastairs_5, infiniplex_staircase_pool
Lair:2:   layout_loops_ring, minmay_swamp_entry_swarm,
          chequers_serial_rivers_micro_b, uniq_erica, uniq_fannar
Lair:3:   layout_roguey, spider_nest_entry_a
Lair:4:   layout_cave_pods, slime_entry_1, nicolae_quartered_pool_impasse,
          columned_hall_lemuel
Lair:5:   grunt_lair_end_beastmaster, layout_cave_pods, gauntlet_entry_generic,
          infiniplex_staircase_pool_2
Swamp:1:  layout_falls_marsh, gammafunk_ghost_cemetery,
          nicolae_swamp_round_clearing, swamp_pool3
Swamp:2:  layout_basic_swamp, evilmike_swamp_ruin_house_3, swamp_pool1
Swamp:3:  layout_basic_swamp, evilmike_swamp_ruin_rubble_2, swamp_pool2,
          uniq_mlioglotl
Swamp:4:  swamp_alternative, layout_basic_swamp,
          gammafunk_ghost_berserking_beasts, uniq_bai_suzhen
Spider:1: layout_spider_delve
Spider:2: layout_spider_delve
Spider:3: layout_chambers, uniq_arachne
Orc:1:    layout_diamond_mine, mines1_david
Orc:2:    st_orc_rangers, layout_caves

Skill      XL: |  1  2  3  4  5  6  7  8  9 10 11 12 13 14 15 16 17 18 |
---------------+-------------------------------------------------------+-----
Conjurations   | 5 8 9 11 13 14 | 14.0
Spellcasting   | 4 5 6 10 13 14 15 19 20 21 | 21.3
Hexes          | 1 4 6 8 9 11 12 14 18 | 18.2
Translocations | 1 6 7 |  7.0
Axes           | 2 |  2.0
Evocations     | 3 |  3.0
Transmutations | 6 12 | 12.0
Dodging        | 3 7 |  7.0
Armour         | 2 4 |  4.0
Poison Magic   | 5 8 |  8.2
Fire Magic     | 7 8 |  8.0
Fighting       | 7 9 |  9.0
Shields        | 4 |  4.0
Ice Magic      | 4 |  4.0
Summonings     | 7 8 |  8.1
Stealth        | |  2.4

Action                     |  1- 3 |  4- 6 |  7- 9 | 10-12 | 13-15 | 16-18 || total
---------------------------+-------+-------+-------+-------+-------+-------++-------
  Melee: Hand axe          |       |       |    18 |     6 |       |     9 ||    33
         Broad axe         |       |       |       |    12 |       |       ||    12
   Cast: Magic Dart        |    68 |    63 |    58 |   140 |   121 |   262 ||   712
         Searing Ray       |     1 |    18 |    43 |   147 |   117 |   100 ||   426
         Fulminant Prism   |       |       |    10 |    67 |    56 |     6 ||   139
         Iskenderun's Myst |       |       |     1 |    17 |    68 |   106 ||   192
         Inner Flame       |       |       |       |    18 |    30 |     7 ||    55
         Yara's Violent Un |       |       |       |    15 |    25 |     7 ||    47
         Olgreb's Toxic Ra |       |       |       |    14 |    17 |    21 ||    52
         Dazzling Flash    |       |       |       |     2 |     4 |       ||     6
         Cause Fear        |       |       |       |     1 |     1 |       ||     2
         Iskenderun's Batt |       |       |       |       |    93 |   110 ||   203
         Fireball          |       |       |       |       |    82 |    59 ||   141
         Alistair's Intoxi |       |       |       |       |     3 |     1 ||     4
         Ensorcelled Hiber |       |       |       |       |     1 |     2 ||     3
         Orb of Destructio |       |       |       |       |       |     5 ||     5
         Spellforged Servi |       |       |       |       |       |     1 ||     1
Ability: Evoke Blink       |       |       |     1 |       |       |       ||     1
  Evoke: Wand              |       |       |     8 |       |     3 |       ||    11
    Use: Scroll            |       |     3 |     6 |    15 |     8 |     5 ||    37
         Potion            |       |       |     1 |     2 |     2 |     2 ||     7
   Stab: Sleeping          |       |       |     1 |       |       |       ||     1
         Invisible         |       |       |     3 |       |       |       ||     3
 Armour: Robe              |       |     2 |       |       |       |       ||     2
         Leather armour    |       |     2 |    17 |    24 |       |       ||    43
         Ring mail         |       |       |       |   103 |    65 |       ||   168
         Ice dragon scales |       |       |       |       |    39 |   117 ||   156
  Dodge: Dodged            |     4 |     9 |    26 |   152 |    92 |    88 ||   371
  Block: Buckler           |       |       |       |       |     8 |    60 ||    68
